 Dungeon Crawl Stone Soup version 0.30-a0-331-g8ab09dc110 (webtiles) character file.

Game seed: 7047463017273206098

46 sanka the Twirler (level 3, -4/31 HPs)
             Began as an Armataur Gladiator on Oct 29, 2022.
             Slain by a gnoll
             ... wielding a +0 flail
              (10 damage)
             ... on level 2 of the Dungeon.
             The game lasted 00:01:16 (1022 turns).

sanka the Twirler (Armataur Gladiator)              Turns: 1022, Time: 00:01:17

Health: -4/31      AC:  7    Str: 27    XL:     3   Next: 46%
Magic:  3/3        EV:  9    Int:  8    God:
Gold:   51         SH:  0    Dex: 11    Spells: 2/2 levels left

rFire   . . .      SeeInvis .    a - +0 quarterstaff
rCold   . . .      Faith    .    (shield currently unavailable)
rNeg    . . .      Spirit   .    b - +0 leather armour
rPois   .          Reflect  .    j - +2 helmet
rElec   .          Harm     .    (no cloak)
rCorr   .          Roll     +    (no gloves)
Will    .....                    (no barding)
Stlth   +.........               (no amulet)
HPRegen 0.25/turn                r - +6 ring of strength
MPRegen 0.08/turn                (no ring)

@: no status effects
A: large, rugged brown scales 3, deformed body, armoured tail, roll, long
tongue, awkward tongue
a: no special abilities


You were on level 2 of the Dungeon.
You visited 1 branch of the dungeon, and saw 2 of its levels.

You collected 51 gold pieces.


Innate Abilities, Weirdness & Mutations

You are completely covered in rugged brown scales. (AC +3, +7% HP)
Armour fits poorly on your strangely shaped body.
You have a long armoured tail.
You roll when moving toward enemies. (Rampage)
Your long tongue fully drains potion bottles. (2x potion effects)
Your tongue gives you trouble enunciating. (1.5x scroll delay)


   Skills:
 - Level 1.7 Fighting
 + Level 4.1 Staves
 - Level 1.7 Throwing
 - Level 2.1 Dodging


You had 2 spell levels left.
You didn't know any spells.
Your spell library contained the following spells:

 Spells                   Type           Power      Damage    Failure   Level
 Ensorcelled Hibernation  Hex/Ice        0%         N/A       58%         2
 Spider Form              Tmut/Pois      0%         N/A       82%         3
 Anguish                  Hex/Necr       0%         N/A       99%         4
 Animate Dead             Necr           0%         N/A       99%         4
 Haunt                    Necr/Summ      0%         N/A       100%        7
 Infestation              Necr           0%         N/A       100%        8

Inventory:

Hand Weapons
 a - a +0 quarterstaff (weapon)
Missiles
 d - 3 throwing nets (quivered) {=f}
 e - a javelin
Armour
 b - a +0 leather armour (worn)
 j - a +2 helmet (worn)
Magical Staves
 m - a staff of air
Jewellery
 r - a +6 ring of strength (left hand)
Scrolls
 f - 2 scrolls of teleportation {unknown}
 g - a scroll of identify {unknown}
 k - a scroll of fog {unknown}
 l - a scroll of fear {unknown}
 o - a scroll of magic mapping {unknown}
Potions
 c - 2 potions of haste {unknown}
 h - a potion of might {unknown}
 i - a potion of curing {unknown}
 n - a potion of brilliance {unknown}
 p - a potion of resistance {unknown}
 q - a potion of degeneration {unknown}

Dungeon Overview and Level Annotations

Branches:
Dungeon (2/15)

Altars:

▒ ▒▒.▒..▒.▒▒
▒▒▒.▒..▒.▒▒.
▒▒.▒..▒.▒▒.!▒
▒......▒▒▒...▒▒▒
▒+▒.▒..▒.▒▒▒.†.▒▒▒
▒ ▒.▒..▒.▒▒▒..b▒
▒▒▒.▒..▒.▒▒▒.▒
▒▒▒.▒..▒.▒g▒ ▒
▒▒▒.▒..▒H▒▒.▒▒ ▒
▒▒▒.▒......▒ ▒
▒▒▒..▒▒▒▒▒ ▒▒▒▒


You could see a gnoll and a bat.


Message History

No target in view!
You pick up a book of Death and begin reading...
You add the spells Animate Dead, Haunt and Infestation to your library.
A gnoll comes into view. It is wielding a +0 flail.
The gnoll shouts!
You see here a rat corpse.
A gnoll is nearby!
The gnoll throws a throwing net.
The throwing net hits you.
You become entangled in the net!
You see here a throwing net {=f}.
You struggle against the net.
You struggle against the net.
A bat comes into view.
You struggle against the net.
The gnoll hits you with a +0 flail.
You tear a large gash into the net.
The gnoll hits you with a +0 flail!
* * * LOW HITPOINT WARNING * * *
You rip the net and break free!
The gnoll hits you with a +0 flail!
* * * LOW HITPOINT WARNING * * *
The gnoll attacks as you move away! The gnoll closely misses you.
There is an open door here.
The gnoll attacks as you move away! The gnoll barely misses you.
The gnoll attacks as you move away! The gnoll hits you with a +0 flail!
You die...

Action                   || total
-------------------------++-------
Melee: Quarterstaff      ||    52
       Tailslap          ||     5
Armor: Leather armour    ||    16
Dodge: Dodged            ||    17

Levels and vault maps discovered:
D:1:      minmay_arrival_split_and_join, layout_rooms, minmay_door_square,
          corexii_corridor_pit, st_stairs_6
D:2:      minmay_razor_zed, layout_rooms, minmay_statues_item

Notes
Turn   | Place    | Note
-------+----------+-------------------------------------------
     0 | D:1      | sanka the Armataur Gladiator began the quest for the Orb.
     0 | D:1      | Reached XP level 1. HP: 18/18 MP: 1/1
    70 | D:1      | Reached skill level 3 in Staves
   135 | D:1      | Reached XP level 2. HP: 21/25 MP: 2/2
   643 | D:2      | Reached XP level 3. HP: 30/31 MP: 3/3
   917 | D:2      | Reached skill level 4 in Staves
  1022 | D:2      | Slain by a gnoll

Vanquished Creatures
  2 adders (D:2)
  A worm (D:2)
  A dart slug (D:1)
  4 endoplasms
  3 giant cockroaches
  A goblin (D:1)
  A hobgoblin (D:1)
  3 ball pythons
  2 bats (D:1)
  2 kobolds (D:1)
  5 rats
25 creatures vanquished.
